 Dungeon Crawl Stone Soup version 0.28-a0-265-g048bc9fd10 (webtiles) character file.

Game seed: 1757833183834833043

289 desmos the Cudgeller (level 6, -3/84 HPs)
             Began as a Hill Orc Berserker on Aug 27, 2021.
             Was a Believer of Trog.
             Engulfed by a cloud of flame (15 damage)
             ... on level 3 of the Dungeon.
             The game lasted 00:55:02 (3477 turns).

desmos the Cudgeller (Hill Orc Berserker)           Turns: 3477, Time: 00:55:03

Health: -3/84      AC: 16    Str: 22    XL:     6   Next: 31%
Magic:  6/6        EV: 15    Int:  7    God:    Trog [**....]
Gold:   117        SH:  0    Dex: 10    Spells: 5/5 levels left

rFire   . . .      SeeInvis .   A - +3 mace (protect)
rCold   . . .      Faith    .   (no shield)
rNeg    . . .      Spirit   .   C - +0 ring mail
rPois   .          Reflect  .   e - +0 helmet
rElec   .          Harm     .   E - +0 cloak
rCorr   .          Rampage  .   l - +0 pair of gloves
Will    .....                   (no boots)
Stlth   ..........              (no amulet)
HPRegen 0.24/turn               n - +4 ring of evasion
MPRegen 0.10/turn               (no ring)

@: berserking (expiring), under a protective aura, studying Staves, very quick
A: no striking features
a: Renounce Religion, Berserk, Trog's Hand


You were on level 3 of the Dungeon.
You worshipped Trog.
Trog was pleased with you.
You visited 1 branch of the dungeon, and saw 3 of its levels.

You collected 117 gold pieces.

Inventory:

Hand Weapons
 q - a +0 hunting sling
 t - a +0 mace
 u - a +1 mace of draining
 z - a +1 vorpal mace
 A - a +3 mace of protection (weapon)
 B - a +0 hand axe
 D - a +3 quarterstaff of chaos
Missiles
 c - a javelin (quivered)
 i - 14 bolts
 p - 6 atropa-tipped darts
 r - 31 stones
 x - 21 sling bullets
Armour
 b - a +0 animal skin
 e - a +0 helmet (worn)
 j - a +0 leather armour
 l - a +0 pair of gloves (worn)
 m - a +0 helmet
 C - a +0 ring mail (worn)
 E - a +0 cloak (worn)
Jewellery
 n - a +4 ring of evasion (left hand)
 w - a +4 ring of protection
Scrolls
 d - 3 scrolls of identify
 k - a scroll of teleportation
Potions
 f - 4 potions of curing
 g - a potion of lignification {unknown}
 h - a potion of cancellation {unknown}
 o - a potion of brilliance {unknown}
 F - 2 potions of mutation {unknown}


   Skills:
 + Level 5.1 Fighting
 * Level 5.8 Maces & Flails
 + Level 3.9 Armour
 - Level 1.5 Dodging


You had 5 spell levels left.
You didn't know any spells.
Your spell library was empty.

Dungeon Overview and Level Annotations

Branches:
Dungeon (3/15)

Altars:
Elyvilon
The Shining One

Shops:
D:3 (


Message History

Aim: Purgy (lightly wounded, 50% to hit)
You throw a javelin. The javelin barely misses Purgy.
Throw: 2 javelins
Press: ? - help, Q - select action, (/) - cycle Shift-Dir - straight line, f/p - Purgy
Aim: Purgy (lightly wounded, 50% to hit)
You throw a javelin. The javelin pierces through Purgy.
Purgy is lightly wounded.
Purgy bites you. Purgy closely misses you. Purgy claws you but does no damage.
Really read the scroll of immolation?
Uppercase [Y]es or [N]o only, please.
Really read the scroll of immolation?
As you read the scroll of immolation, it crumbles to dust.
The creatures around you are filled with an inner flame!
Purgy bites you but does no damage. Purgy misses you.
Purgy claws you but does no damage.
A red film seems to cover your vision as you go berserk!
You feel yourself moving faster!
You feel mighty! Purgy bites you. Purgy closely misses you. x2
You sock Purgy!
Flame seeps out of Purgy.
Your weapon exudes an aura of protection.
Purgy is moderately wounded.
Purgy is engulfed in blazing flames.
Flame seeps out of Purgy.
Purgy bites you but does no damage. Purgy closely misses you. x2
You sock Purgy! Trog accepts your kill.
Purgy explodes!
The fiery explosion engulfs you!!
You are engulfed in blazing flames.
* * * LOW HITPOINT WARNING * * *
Your Fighting skill increases to level 5!
You have reached level 6!
Your experience leads to an increase in your attributes!
Increase (S)trength, (I)ntelligence, or (D)exterity?
Uppercase letters only, please.
You feel stronger.
You are engulfed in blazing flames.
* * * LOW HITPOINT WARNING * * *
There is an escape hatch in the ceiling, spattered with blood here.
You feel a strong urge to attack something.
You are engulfed in blazing flames.
You die...

#.##########......
#.##.........♣.##.
#(##.######....##. #.##.#
####.#.. #.##.# ######.#...
#.##.# #.....###.. #.##.#
#.####.#... #§##.# #.# ##.#.#
##@##.# #.# #.#.# #§§##.# #.#
#.#.# #.###.###)#####.#.# #.#
#...........#.# #.#
#####...#####.# ##### #.#
###.#####.# #...# #.# #........
###...#######)#########.####...
#.......##.....................


There were no monsters in sight!

Vanquished Creatures
  Purgy (D:3)
  Crazy Yiuf (D:2)
  An orc priest (D:3)
  Robin (D:3)
  3 adders (D:2)
  A gnoll (D:1)
  2 worms
  2 dart slugs
  4 orcs (D:3)
  4 ball pythons (D:1)
  3 endoplasms
  2 giant cockroaches
  10 hobgoblins
  5 jackals
  2 kobolds
  4 quokkas
  A bat (D:3)
  6 frilled lizards
  12 goblins
  5 rats
70 creatures vanquished.

Notes
Turn   | Place    | Note
-------+----------+-------------------------------------------
     0 | D:1      | desmos the Hill Orc Berserker began the quest for the Orb.
     0 | D:1      | Reached XP level 1. HP: 19/19 MP: 1/1
    65 | D:1      | Reached XP level 2. HP: 23/27 MP: 2/2
   713 | D:1      | Found a faded altar of an unknown god.
   772 | D:1      | Reached XP level 3. HP: 29/33 MP: 3/3
  1336 | D:2      | Found a runed translucent door.
  1345 | D:2      | Noticed Crazy Yiuf
  1535 | D:3      | Found a glowing golden altar of the Shining One.
  1632 | D:3      | Reached ** piety under Trog
  1713 | D:2      | Reached XP level 4. HP: 40/40 MP: 4/4
  2500 | D:3      | Found a white marble altar of Elyvilon.
  2533 | D:3      | Reached skill level 5 in Maces & Flails
  2533 | D:3      | Reached XP level 5. HP: 47/47 MP: 5/5
  2598 | D:3      | Noticed Purgy
  2658 | D:2      | Killed Crazy Yiuf
  3227 | D:3      | Found Syutoch's Weapon Shop.
  3243 | D:3      | Noticed Robin
  3273 | D:3      | Killed Robin
  3475 | D:3      | Killed Purgy
  3476 | D:3      | Reached skill level 5 in Fighting
  3476 | D:3      | Reached XP level 6. HP: 22/56 MP: 6/6
  3477 | D:3      | Engulfed by a cloud of flame

Illustrated notes

Levels and vault maps discovered:
D:1:      lemuel_arrival_funnel, layout_basic, ebering_ecumenical_altar_webs,
          minmay_close_crescents
D:2:      layout_basic, uniq_crazy_yiuf_cottage
D:3:      layout_loops_ring, nicolae_tso_swordbearing_angel,
          mainiacjoe_overflow_tiny_flanked, serial_shops,
          nicolae_shop_behind_doors, uniq_purgy, uniq_robin

Skill      XL: |  1  2  3  4  5 |
---------------+----------------+-----
Fighting       | 4 5 |  5.1
Maces & Flails | 4 5 |  5.8
Armour         | 3 |  3.9
Dodging        | |  1.5

Action                   |  1- 3 |  4- 6 || total
-------------------------+-------+-------++-------
Melee: Mace              |    80 |   104 ||   184
Throw: Javelin           |     3 |     6 ||     9
       Stone             |     2 |       ||     2
Invok: Berserk           |     2 |     3 ||     5
  Use: Scroll            |       |     7 ||     7
Armor: Leather armour    |    12 |     8 ||    20
       Ring mail         |       |    21 ||    21
Dodge: Dodged            |    64 |    63 ||   127

Table legend: (Time is in decaauts)
 A = Elapsed time spent in this place.
 B = Non-inter-level travel time spent in this place.
 C = Inter-level travel time spent in this place.
 D = Time resting spent in this place.
 E = Time spent auto-exploring this place.
 F = Levels seen in this place.
 G = Mean time per level.
                   A        B        C        D        E       F      G
               +--------+--------+--------+--------+--------+-----+--------+
         Total |   3546 |   3545 |      1 |    748 |   1313 |   3 | 1182.0 |
       Dungeon |   3546 |   3545 |      1 |    748 |   1313 |   3 | 1182.0 |
               +--------+--------+--------+--------+--------+-----+--------+

Top non-repeatable levels by time:
     D:3: 1350 daAuts
     D:1: 1175 daAuts
     D:2: 1019 daAuts
